 Dungeon Crawl Stone Soup version 0.28.0-43-g3370ac3207 (webtiles) character file.

Game seed: 2985080104955226104

76 zeref the Grave Robber (level 4, -2/30 HPs)
             Began as a Vampire Necromancer on Mar 22, 2022.
             Slain by a water moccasin skeleton (3 damage)
             ... on level 3 of the Dungeon.
             The game lasted 00:44:14 (2179 turns).

zeref the Grave Robber (Vampire Necromancer)        Turns: 2179, Time: 00:44:14

Health: -2/30      AC:  0    Str:  7    XL:     4   Next: 12%
Magic:  7/7        EV: 12    Int: 19    God:
Gold:   38         SH:  0    Dex: 14    Spells: 7/8 levels left

rFire   . . .      SeeInvis +   f - +0 short sword
rCold   . . .      Faith    .   (no shield)
rNeg    . . .      Spirit   .   (no armour)
rPois   .          Reflect  .   (no helmet)
rElec   .          Harm     .   (no cloak)
rCorr   .          Rampage  .   (no gloves)
Will    .....                   (no boots)
Stlth   ++........              (no amulet)
HPRegen 0.30/turn               (no ring)
MPRegen 0.10/turn               (no ring)

@: healing quickly
A: alive, fangs 3, see invisible, vampiric 2
a: Exsanguinate


You were on level 3 of the Dungeon.
You visited 1 branch of the dungeon, and saw 3 of its levels.

You collected 38 gold pieces.

Inventory:

Hand Weapons
 f - a +0 short sword (weapon)
 h - a +0 short sword
 i - a +0 dagger
 j - a +0 dagger
 k - a +0 short sword
 m - a +0 hunting sling
 u - a +0 club
 v - a +0 hunting sling
Missiles
 l - 81 stones
 q - 58 sling bullets
Armour
 a - a +0 robe
 e - a +0 chain mail
 g - a +0 robe
 o - a +0 ring mail
Scrolls
 c - a scroll of immolation {unknown}
 d - a scroll of identify {unknown}
 t - a scroll of teleportation {unknown}
Potions
 b - a potion of berserk rage {unknown}
 n - a potion of haste {unknown}
 p - a potion of curing {unknown}
 r - 2 potions of ambrosia {unknown}
 s - a potion of resistance {unknown}


   Skills:
 + Level 0.2 Fighting
 + Level 1.6 Short Blades
 + Level 2.3 Dodging
 + Level 3.8 Stealth
 + Level 2.6 Spellcasting
 + Level 5.1 Necromancy


You had 7 spell levels left.
You knew the following spells:

 Your Spells              Type           Power      Damage    Failure   Level
a - Pain                  Necr           84%        1d8       1%          1

Your spell library contained the following spells:

 Spells                   Type           Power      Damage    Failure   Level
 Animate Skeleton         Necr           42%        N/A       1%          1
 Vampiric Draining        Necr           21%        2d7       6%          3
 Slow                     Hex            8%         N/A       16%         1
 Animate Dead             Necr           10%        N/A       19%         4
 Confusing Touch          Hex            2%         N/A       43%         3
 Agony                    Necr           21%        N/A       47%         5


Dungeon Overview and Level Annotations

Branches:
Dungeon (3/15)

Altars:


Innate Abilities, Weirdness & Mutations

Your natural rate of healing is accelerated.
You have razor-sharp teeth.
You have supernaturally acute eyesight. (SInv)
You are afflicted with vampirism and can become a bat while bloodless.


Message History

You finish putting on your +0 chain mail.
You start removing your armour.
You continue taking off your +0 chain mail. x4
The water moccasin skeleton bites you but does no damage.
You finish taking off your +0 chain mail.
You barely miss the water moccasin skeleton.
The water moccasin skeleton completely misses you.
You barely miss the water moccasin skeleton.
You bite the water moccasin skeleton.
The water moccasin skeleton is lightly damaged.
The water moccasin skeleton bites you! The water moccasin skeleton bites you.
You closely miss the water moccasin skeleton.
The water moccasin skeleton is lightly damaged.
The water moccasin skeleton bites you.
You hit the water moccasin skeleton but do no damage.
You punch the water moccasin skeleton.
The water moccasin skeleton is lightly damaged.
The water moccasin skeleton misses you.
The water moccasin skeleton closely misses you.
You see here an adder corpse.
You hit the water moccasin skeleton.
The water moccasin skeleton is moderately damaged.
The water moccasin skeleton bites you. x2
You barely miss the water moccasin skeleton.
The water moccasin skeleton is moderately damaged.
The water moccasin skeleton bites you.
* * * LOW HITPOINT WARNING * * *
You hit the water moccasin skeleton but do no damage.
The water moccasin skeleton is moderately damaged.
The water moccasin skeleton bites you.
* * * LOW HITPOINT WARNING * * *
You barely miss the water moccasin skeleton.
The water moccasin skeleton is moderately damaged.
The water moccasin skeleton closely misses you.
You hit the water moccasin skeleton.
The water moccasin skeleton is moderately damaged.
The water moccasin skeleton bites you.
* * * LOW HITPOINT WARNING * * *
The water moccasin skeleton bites you.
You die...

####### #.....#
#####.# ### #.# #
#.##### #.# #. ##
#.#...#####.#####.###
.##
#.....†.............#
..##
#..<.Z#####.#######.#
...## #...@.# #.# #.#
....# ##....# #.# #.#
....# #.....#####.#
#.# ....#
#........^..# #.#
...## #..#.######.#
#.# ..## #.....# #.#
#.# .## ##.#..#
#.#######.# ######
#.#..# #.........≈
.....# #.#..#
########.≈≈


You could see a water moccasin skeleton.

Vanquished Creatures
  3 adders
  3 worms (D:3)
  2 dart slugs (D:3)
  2 ball pythons
  3 bats (D:1)
  3 endoplasms
  3 goblins
  5 hobgoblins
  4 jackals (D:1)
  A quokka (D:1)
  2 frilled lizards
  2 kobolds (D:1)
  3 rats
36 creatures vanquished.

Notes
Turn   | Place    | Note
-------+----------+-------------------------------------------
     0 | D:1      | zeref the Vampire Necromancer began the quest for the Orb.
     0 | D:1      | Reached XP level 1. HP: 13/13 MP: 3/3
   458 | D:1      | Reached XP level 2. HP: 17/19 MP: 5/5
   857 | D:2      | Reached skill level 1 in Short Blades
   921 | D:2      | Gained mutation: You are afflicted with vampirism and can
                  | become a bat while bloodless. [Vampire growth]
   921 | D:2      | Reached XP level 3. HP: 16/24 MP: 2/6
  2018 | D:3      | Reached skill level 5 in Necromancy
  2018 | D:3      | Reached XP level 4. HP: 17/30 MP: 1/7
  2179 | D:3      | HP: 1/30 [water moccasin skeleton (5)]
  2179 | D:3      | Slain by a water moccasin skeleton

Illustrated notes

Levels and vault maps discovered:
D:1:      dpeg_arrival_boxes_within_box, layout_basic, minmay_misc_feat_rows
D:2:      layout_basic, shapermc_ecumenical_altar_mp_urbaneastern
D:3:      layout_loops_ring, gup_sewer_entry_bubbles,
          chequers_serial_rivers_small_a

Skill      XL: |  1  2  3 |
---------------+----------+-----
Short Blades   | 1 |  1.6
Necromancy     | 5 |  5.1
Fighting       | |  0.2
Dodging        | |  2.3
Stealth        | |  3.8
Spellcasting   | |  2.6

Action                   |  1- 3 |  4- 6 || total
-------------------------+-------+-------++-------
Melee: Short sword       |    63 |    10 ||    73
       Unarmed           |     6 |       ||     6
       Bite              |     8 |     1 ||     9
       Punch             |     2 |     1 ||     3
 Cast: Pain              |    38 |     8 ||    46
 Stab: Sleeping          |     6 |       ||     6
Armor: Chain mail        |    49 |     1 ||    50
       Robe              |     7 |       ||     7
Dodge: Dodged            |    28 |     5 ||    33
